 Dungeon Crawl Stone Soup version 0.32-a0-471-gb91d5d9764 (webtiles) character file.

Game seed: 166283396339347628

10581 Alarak the Fighter (level 11, -3/96 HPs)
             Began as a Formicid Fighter on Feb 25, 2024.
             Was a High Priest of Cheibriados.
             Slain by Harold
             ... wielding a +0 glaive
              (11 damage)
             ... on level 10 of the Dungeon.
             The game lasted 00:41:00 (9721 turns).

Alarak the Fighter (Formicid Fighter)               Turns: 9721, Time: 00:41:05

Health: -3/96      AC: 25    Str: 41    XL:     11   Next: 95%
Magic:  17/17      EV:  8    Int: 19    God:    Cheibriados [*****.]
Gold:   578        SH:  7    Dex: 24    Spells: 3/10 levels left

rFire   + + .        r - +10 sling of Might {freeze, rPois Str+5 Stlth+}
rCold   + . .        c - +0 buckler
rNeg    . . .        H - +0 plate armour
rPois   +            (helmet unavailable)
rElec   +            q - +1 cloak
rCorr   +            f - +2 pair of gloves of Polish {rElec rF+}
SInv    +            D - +0 pair of boots
Will    +....        (no amulet) Stlth
                     g - +4 ring of protection
HPRegen 0.36/turn    p - ring of wizardry
MPRegen 0.15/turn

%: wizardry (x1)
@: mighty, resistant, very slow
A: permanent stasis, dig shafts and tunnels, antennae 3, four strong arms
a: Dig, Shaft Self, Renounce Religion, Bend Time, Temporal Distortion, Slouch,
Step From Time


You were on level 10 of the Dungeon.
You worshipped Cheibriados.
Cheibriados was extremely pleased with you.
You visited 2 branches of the dungeon, and saw 11 of its levels.

You collected 578 gold pieces.

Inventory:

Hand Weapons
 a - a +0 war axe
 r - the +10 sling of Might (weapon) {freeze, rPois Str+5 Stlth+}
   (You found it on level 3 of the Dungeon)

   Str+5:     It affects your strength (+5).
   rPois:     It protects you from poison Stlth+: It makes you more stealthy.
 G - the +4 rapier "Suysanah" {holy, rElec Int+3 Dex+5}
   (You found it on level 6 of the Dungeon)

   Int+3:     It affects your intelligence (+3).
   Dex+5:     It affects your dexterity (+5).
   rElec:     It insulates you from electricity.
Missiles
 K - 5 throwing nets
Armour
 c - a +0 buckler (worn)
 f - the +2 pair of gloves of Polish (worn) {rElec rF+}
   (You acquired it on level 6 of the Dungeon)

   rF+:       It protects you from fire.
   rElec:     It insulates you from electricity.
 q - a +1 cloak (worn)
 D - a +0 pair of boots (worn)
 H - a +0 plate armour (worn)
 M - the scarf of the Pleiades {shadows, rC+}
   (You found it on level 7 of the Dungeon)

   rC+:       It protects you from cold.
Jewellery
 g - a +4 ring of protection (left hand)
 j - a ring of positive energy
 p - a ring of wizardry (right hand)
 u - a ring of resist corrosion
Wands
 i - a wand of charming (24)
 k - a wand of polymorph (14)
 t - a wand of mindburst (22)
 C - a wand of flame (32)
 E - a wand of digging (5)
Scrolls
 l - a scroll of revelation {unknown}
 n - a scroll of torment
 o - 6 scrolls of fear
 v - a scroll of enchant armour
 x - 2 scrolls of poison
 y - a scroll of acquirement
 B - a scroll of amnesia {unknown}
 F - 3 scrolls of enchant weapon
 J - a scroll of noise {unknown}
 L - 3 scrolls of vulnerability {unknown}
 P - a scroll of immolation {unknown}
Potions
 b - a potion of magic {unknown}
 h - 2 potions of brilliance
 m - 6 potions of mutation
 w - 3 potions of enlightenment
 z - 2 potions of curing
 I - 2 potions of degeneration
 N - a potion of lignification


   Skills:
 - Level 12.6 Fighting
 + Level 3.6 Axes
 - Level 10.0 Armour
 - Level 4.1 Stealth
 - Level 6.4 Shields
 - Level 8.3 Alchemy
 - Level 8.5 Invocations


You had 3 spell levels left.
You knew the following spells:

 Your Spells              Type           Power      Damage    Failure   Level
a - Passwall              Erth           0%         N/A       71%         3
b - Olgreb's Toxic Radia  Alch           31%        N/A       13%         4

Your spell library contained the following spells:

 Spells                   Type           Power      Damage    Failure   Level
 Sting                    Conj/Alch      60%        1d6       8%          1
 Mercury Vapours          Alch/Air       30%        N/A       11%         2
 Apportation              Tloc           0%         N/A       36%         1
 Necrotise                Necr           0%         1d4       36%         1
 Summon Small Mammal      Summ           0%         N/A       36%         1
 Ensorcelled Hibernation  Hex/Ice        0%         N/A       50%         2
 Jinxbite                 Hex            0%         N/A       50%         2
 Ignite Poison            Fire/Alch      15%        N/A       54%         4
 Sticky Flame             Fire/Alch      15%        2d5       54%         4
 Anguish                  Hex/Necr       0%         N/A       98%         4
 Curse of Agony           Necr           0%         N/A       100%        5
 Iskenderun's Battlesphe  Conj           0%         2d6       100%        5
 Bombard                  Conj/Erth      0%         9d1       100%        6
 Spellforged Servitor     Conj/Summ      0%         N/A       100%        7
 Discord                  Hex            0%         N/A       100%        8
 Ignition                 Fire           0%         3d3       100%        8
 Swiftness                Air            Unusable   N/A       N/A         3

Dungeon Overview and Level Annotations

Branches:
Dungeon (10/15)            Temple (1/1) D:7            Lair (0/5) D:9
    Orc (0/2) D:9

Altars:
Ashenzari
Cheibriados
Dithmenos
Elyvilon
Fedhas
Gozag
Hepliaklqana
Kikubaaqudgha
Makhleb
Nemelex Xobeh
Okawaru
Qazlal
Ru
Sif Muna
Trog
Uskayaw
Vehumet
Wu Jian
Xom
Yredelemnul
Zin
The Shining One

Shops:
D:5 :   D:7 (*   D:8 :

Annotations:
D:10 Harold


Innate Abilities, Weirdness & Mutations

You cannot be hasted, slowed, berserked, paralysed or teleported.
You can dig through walls and to a lower floor.
You have a pair of large antennae on your head. (SInv)
Your four strong arms can wield two-handed weapons with a shield.


Message History

The sentinel's mark upon you fades away.
The troll barely misses you. x3; Harold hits you but does no damage.
You feel much better. The troll bites you. The troll misses you.
The troll claws you but does no damage.
Harold zaps a wand.
Your will is overpowered!
You are confused.
You feel protected. The troll bites you!
The troll claws you but does no damage. x2
Harold hits you from afar with a +0 glaive!
* * * LOW HITPOINT WARNING * * *
You feel very mighty all of a sudden. The troll bites you but does no damage.
The troll claws you but does no damage. x2
Harold hits you but does no damage.
You feel better. You block the troll's attack.
The troll claws you but does no damage. The troll claws you!
* * * LOW HITPOINT WARNING * * *
Harold closely misses you.
You shoot a sling bullet.
The sling bullet closely misses the troll.
The troll barely misses you. The troll completely misses you.
You block the troll's attack. Harold hits you but does no damage.
The troll closely misses you. The troll claws you!
* * * LOW HITPOINT WARNING * * *
The troll claws you.
* * * LOW HITPOINT WARNING * * *
You shoot a sling bullet. The sling bullet hits the troll.
The sling bullet freezes the troll.
The troll is moderately wounded.
Harold throws a throwing net.
The throwing net barely misses you. The troll bites you!
* * * LOW HITPOINT WARNING * * *
The troll claws you but does no damage. The troll completely misses you.
You block Harold's attack. You block the troll's attack.
The troll closely misses you. The troll claws you but does no damage.
You shoot a sling bullet. The sling bullet hits the troll.
The sling bullet freezes the troll.
The troll is moderately wounded.
Harold hits you from afar with a +0 glaive!
You die...
Harold sighs, "Nothing for old Harold but hiking after this."
Cheibriados appreciates the motionlessness of death.

##.# #.... ###..#
##### ###...## #.
#.(.### ##' #.###
#.. ##.####### #..
#.....(... ######..
#......... #....'..
#.@.......#..####..
#.@.T....... #..
###......... #..
##.####### ### #..
# ##.# ### ?# #..
#+######## #.#
.........# ##'#


You could see Harold and a troll.

Vanquished Creatures
  Erica (D:8)
  The ghost of starts1789 the Chopper, a novice CoFi of Trog (D:7)
  An ugly thing (D:9)
  An oklob plant (D:8)
  A troll (D:9)
  5 hornets
  Prince Ribbit (D:5)
  A shadow (D:9)
  7 yaks
  A wyvern (D:9)
  Grum (D:9)
  2 steam dragons
  3 water moccasins
  9 orc warriors
  An ice beast (D:7)
  3 black bears
  A sky beast (D:6)
  3 ogres
  3 wolves (D:9)
  2 phantoms
  Blork the orc (D:6)
  3 kobold brigands
  3 scorpions
  5 gnoll sergeants
  5 wights (D:8)
  8 killer bees
  An oklob sapling (D:8)
  An electric eel (D:10)
  7 howler monkeys
  2 bombardier beetles
  5 orc priests
  8 hounds
  4 jellies
  Crazy Yiuf (D:2)
  4 gnoll boudas
  4 iguanas
  8 orc wizards
  3 hell rats (D:8)
  Robin (D:3)
  39 gnolls
  11 adders
  2 river rats
  2 white imps (D:6)
  2 ufetubi (D:6)
  A dart slug (D:4)
  37 orcs
  16 ball pythons
  17 endoplasms
  3 giant cockroaches
  24 goblins
  8 hobgoblins
  13 jackals
  27 kobolds
  3 quokkas
  2 bats
  4 frilled lizards
  3 rats (D:1)
336 creatures vanquished.

Notes
Turn   | Place    | Note
-------+----------+-------------------------------------------
     0 | D:1      | Alarak the Formicid Fighter began the quest for the Orb.
     0 | D:1      | Reached XP level 1. HP: 18/18 MP: 1/1
    82 | D:1      | Reached XP level 2. HP: 25/25 MP: 2/2
   101 | D:1      | Reached skill level 4 in Fighting
   141 | D:1      | Found a faded altar of an unknown god.
   330 | D:1      | Reached XP level 3. HP: 31/31 MP: 3/3
  1191 | D:2      | Reached skill level 5 in Fighting
  1406 | D:2      | Found a runed translucent door.
  1407 | D:2      | Noticed Crazy Yiuf
  1470 | D:2      | Reached XP level 4. HP: 39/39 MP: 4/4
  1667 | D:2      | Killed Crazy Yiuf
  1833 | D:3      | Identified the +10 sling of Might {freeze, rPois Str+5
                  | Stlth+}
  2222 | D:3      | Noticed Robin
  2223 | D:3      | Reached XP level 5. HP: 46/46 MP: 5/5
  2231 | D:3      | Killed Robin
  2232 | D:3      | Reached skill level 6 in Fighting
  2480 | D:4      | Noticed an ogre
  2485 | D:4      | Killed an ogre
  2486 | D:4      | Reached XP level 6. HP: 52/52 MP: 6/6
  2575 | D:4      | Found a sparkling altar of Nemelex Xobeh.
  2694 | D:4      | Reached skill level 7 in Fighting
  2694 | D:4      | Reached XP level 7. HP: 60/60 MP: 7/7
  2950 | D:5      | Entered Level 5 of the Dungeon
  3115 | D:5      | Noticed Prince Ribbit
  3124 | D:5      | Killed Prince Ribbit
  3125 | D:5      | Reached skill level 8 in Fighting
  3218 | D:5      | Reached XP level 8. HP: 70/70 MP: 8/8
  3273 | D:5      | Reached skill level 9 in Fighting
  3455 | D:5      | Found Picsona's Book Shoppe.
  3708 | D:5      | Reached skill level 10 in Fighting
  4353 | D:6      | Identified a scroll of acquirement
  4418 | D:6      | Found a broken altar of Ashenzari.
  4430 | D:6      | Noticed Blork the orc
  4463 | D:6      | Reached skill level 11 in Fighting
  4570 | D:6      | Killed Blork the orc
  4571 | D:6      | Reached XP level 9. HP: 69/81 MP: 9/9
  4689 | D:6      | Reached skill level 12 in Fighting
  4890 | D:6      | Found a stormy altar of Qazlal.
  4958 | D:6      | Reached skill level 5 in Shields
  4985 | D:6      | Found a burning altar of Makhleb.
  5126 | D:6      | Identified the +4 rapier "Suysanah" {holy, rElec Int+3
                  | Dex+5}
  5598 | D:7      | Reached skill level 5 in Armour
  5598 | D:7      | Reached XP level 10. HP: 65/91 MP: 10/10
  5721 | D:7      | Found a runed translucent door.
  5721 | D:7      | Noticed starts1789's ghost (novice CoFi)
  5975 | D:7      | Found Ceneo's Weapon Boutique.
  5986 | D:7      | Found a snail-covered altar of Cheibriados.
  6050 | D:7      | Found a staircase to the Ecumenical Temple.
  6055 | Temple   | Entered the Ecumenical Temple
  6085 | D:7      | Became a worshipper of Cheibriados the Contemplative
  6104 | D:7      | Found Riefobla's Assorted Antiques.
  6184 | D:7      | Reached * piety under Cheibriados
  6233 | D:7      | Identified the scarf of the Pleiades {shadows, rC+}
  6289 | D:7      | Found a shimmering blue altar of Sif Muna.
  6498 | D:7      | Reached ** piety under Cheibriados
  6655 | D:7      | Killed starts1789's ghost
  6840 | D:8      | Reached skill level 10 in Armour
  6910 | D:8      | Noticed Erica
  6923 | D:8      | Reached skill level 1 in Invocations
  6963 | D:8      | Reached *** piety under Cheibriados
  7112 | D:8      | Found Lineh's Book Shop.
  7156 | D:8      | Killed Erica
  7157 | D:8      | Reached XP level 11. HP: 39/96 MP: 10/15
  7326 | D:8      | Learned a level 3 spell: Passwall
  7352 | D:8      | Noticed an oklob plant
  7365 | D:8      | Killed an oklob plant
  7803 | D:8      | Reached **** piety under Cheibriados
  8053 | D:8      | Learned a level 4 spell: Olgreb's Toxic Radiance
  8143 | D:8      | Reached skill level 1 in Alchemy
  8179 | D:9      | Found a staircase to the Lair.
  8229 | D:9      | Got the Disquisition on Signs and Unspeakable Ceremonies
  8272 | D:9      | Found a shimmering altar of Xom.
  8452 | D:9      | Found a staircase to the Orcish Mines.
  8657 | D:9      | Reached ***** piety under Cheibriados
  8669 | D:9      | Reached skill level 5 in Alchemy
  9034 | D:9      | Noticed a white ugly thing
  9061 | D:9      | Killed a white ugly thing
  9172 | D:9      | Noticed Grum
  9185 | D:9      | Killed Grum
  9457 | D:9      | Acquired the +2 pair of gloves of Polish {rElec rF+}
  9471 | D:10     | Entered Level 10 of the Dungeon
  9481 | D:10     | Identified the +0 robe of Naaq Igregg {rCorr Slay+2}
  9629 | D:10     | Found an iron altar of Okawaru.
  9632 | D:10     | Found a radiant altar of Vehumet.
  9692 | D:10     | Noticed Harold
  9721 | D:10     | Slain by Harold

Illustrated notes

Levels and vault maps discovered:
D:1:      noname_arrival_rooms_in_the_neighbourhood, layout_basic,
          dreamdust_ecumenical_altar_statues
D:2:      layout_basic, uniq_crazy_yiuf_cottage
D:3:      layout_loops_cross, minivault_25, uniq_robin
D:4:      layout_rooms, nemelex_xobeh_ov_fountains_minmay
D:5:      cheibrodos_fertilizer, layout_layer_cave, serial_shops, shop,
          uniq_prince_ribbit1
D:6:      layout_loops_ring, bloody_makhleb,
          mainiacjoe_overflow_surrounded_room, nicolae_ashenzari_panopticon,
          kennysheep_generic_room_10, uniq_blork_the_orc
D:7:      layout_cave_pools, mainiacjoe_overflow_tiny_flanked,
          kennysheep_mini_moat, minmay_temple_entry_arrows,
          gammafunk_ghost_grave, serial_gnoll_camp, gnoll_camp_huts_basic,
          gnoll_camp_mini_sergeant, gnoll_camp_medium_02, gnoll_camp_mini_shop,
          gnoll_camp_mini_shop
D:8:      layout_rooms, serial_shops, shop, introduction_to_nature_1, uniq_erica
D:9:      kennysheep_six_static_rooms, layout_stronghold,
          regret_index_xom_buried_treasure, dpeg_lair_monsters, orc_0_dummy,
          uniq_grum
D:10:     layout_roguey, nicolae_overflow_squiral, uniq_harold
Temple:   nicolae_temple_ecumenical_triangle

Skill      XL: |  1  2  3  4  5  6  7  8  9 10 11 |
---------------+----------------------------------+-----
Fighting       | 4 5 6 7 8 11 12 | 12.6
Stealth        | 3 4 |  4.1
Shields        | 6 |  6.4
Armour         | 5 10 | 10.0
Invocations    | 6 8 |  8.5
Axes           | 3 |  3.6
Alchemy        | 8 |  8.3

Action                     |  1- 3 |  4- 6 |  7- 9 | 10-12 || total
---------------------------+-------+-------+-------+-------++-------
  Melee: War axe           |    66 |     7 |       |       ||    73
         Sling             |       |       |       |     6 ||     6
   Fire: Sling             |       |    82 |   211 |   531 ||   824
 Invoke: Bend Time         |       |       |       |     3 ||     3
         Step From Time    |       |       |       |     1 ||     1
    Use: Scroll            |     3 |       |    10 |     8 ||    21
         Potion            |       |       |       |    11 ||    11
 Armour: Scale mail        |    42 |    34 |   108 |       ||   184
         Plate armour      |       |       |    46 |   516 ||   562
         Skin              |       |       |       |     6 ||     6
  Dodge: Dodged            |    25 |    18 |    63 |   235 ||   341
  Block: Buckler           |    15 |    13 |    33 |   175 ||   236

Table legend: (Time is in decaauts)
 A = Elapsed time spent in this place.
 B = Non-inter-level travel time spent in this place.
 C = Inter-level travel time spent in this place.
 D = Time resting spent in this place.
 E = Time spent auto-exploring this place.
 F = Levels seen in this place.
 G = Mean time per level.
                   A        B        C        D        E       F      G
               +--------+--------+--------+--------+--------+-----+--------+
         Total |  11417 |  10937 |    480 |   1625 |   7059 |  11 | 1037.9 |
       Dungeon |  11415 |  10936 |    479 |   1625 |   7059 |  10 | 1141.5 |
        Temple |      1 |      0 |      1 |      0 |      0 |   1 |    1.0 |
               +--------+--------+--------+--------+--------+-----+--------+

Top non-repeatable levels by time:
     D:9: 1991 daAuts
     D:8: 1790 daAuts
     D:7: 1506 daAuts
     D:5: 1446 daAuts
     D:6: 1249 daAuts
     D:2: 1068 daAuts
     D:1: 765 daAuts
     D:3: 673 daAuts
     D:4: 524 daAuts
    D:10: 400 daAuts
  Temple: 1 daAuts
